 Dungeon Crawl Stone Soup version 0.28.0-53-g5a82cb258f (webtiles) character file.

Game seed: 10532846334528678498

46 Zeld the Digger (level 3, -1/19 HPs)
             Began as a Gargoyle Earth Elementalist on May 26, 2022.
             Slain by a kobold
             ... wielding a +1 short sword of speed
              (6 damage)
             ... on level 2 of the Dungeon.
             The game lasted 00:01:12 (1344 turns).

Zeld the Digger (Gargoyle Earth Elementalist)       Turns: 1344, Time: 00:01:12

Health: -1/19      AC:  5    Str: 11    XL:     3   Next: 66%
Magic:  0/7        EV: 11    Int: 17    God:
Gold:   53         SH:  0    Dex: 10    Spells: 1/7 levels left

rFire   . . .      SeeInvis .   (no weapon)
rCold   . . .      Faith    .   (no shield)
rNeg    + . .      Spirit   .   b - +0 robe
rPois   ∞          Reflect  .   (no helmet)
rElec   +          Harm     .   (no cloak)
rCorr   .          Rampage  .   (no gloves)
Will    .....                   (no boots)
Stlth   ++........              (no amulet)
HPRegen 0.06/turn               (no ring)
MPRegen 0.10/turn               (no ring)

@: no status effects
A: sickness immunity, AC +3, negative energy resistance 1, electricity
resistance, torment resistance 1, petrification resistance
a: no special abilities


You were on level 2 of the Dungeon.
You visited 1 branch of the dungeon, and saw 2 of its levels.

You collected 53 gold pieces.

Inventory:

Missiles
 c - 18 stones
Armour
 b - a +0 robe (worn)
Potions
 a - a potion of degeneration {unknown}


   Skills:
 - Level 1.5 Dodging
 - Level 2.1 Stealth
 * Level 2.7 Spellcasting
 + Level 1.3 Transmutations
 * Level 4.4 Earth Magic


You had one spell level left.
You knew the following spells:

 Your Spells              Type           Power      Damage    Failure   Level
a - Sandblast             Erth           34%        2d9       2%          1
b - Passwall              Tmut/Erth      10%        N/A       9%          2
c - Stone Arrow           Conj/Erth      18%        3d8       22%         3

Your spell library contained the following spells:

 Spells                   Type           Power      Damage    Failure   Level
 Petrify                  Tmut/Erth      12%        N/A       47%         4


Dungeon Overview and Level Annotations

Branches:
Dungeon (2/15)

Altars:


Innate Abilities, Weirdness & Mutations

You are immune to sickness and miasma.
Your stone body is resilient. (AC +3)
You are immune to poison.
You resist negative energy. (rN+)
You are resistant to electric shocks. (rElec)
You are resistant to unholy torment.
You are immune to petrification.


Message History

The kobold barely misses you.
You closely miss the kobold.
The kobold is severely wounded.
The kobold hits you but does no damage.
Casting: Sandblast (safe; 2% risk of failure)
Confirm with . or Enter, or press ? or * to list all spells.
Aiming: Sandblast (safe; 2% risk of failure)
Press: ? - help, Shift-Dir - straight line, f/p - kobold
Aim: a kobold, wielding a +1 short sword of speed and wearing a +0 ring mail (severely wounded, 77% to hit)
The blast of sand hits the kobold but does no damage.
The kobold is severely wounded.
c - 20 stones The kobold misses you.
Search for what [Enter for "armor", or ? for help]?
You closely miss the kobold.
The kobold is severely wounded.
The kobold hits you with a +1 short sword of speed.
The kobold barely misses you.
Casting: Sandblast (safe; 2% risk of failure)
Confirm with . or Enter, or press ? or * to list all spells.
Aiming: Sandblast (safe; 2% risk of failure)
Press: ? - help, Shift-Dir - straight line, f/p - kobold
Aim: a kobold, wielding a +1 short sword of speed and wearing a +0 ring mail (severely wounded, 77% to hit)
The blast of sand hits the kobold but does no damage.
The kobold is severely wounded.
c - 19 stones The kobold hits you with a +1 short sword of speed.
The kobold hits you but does no damage. x2
The kobold hits you with a +1 short sword of speed.
* * * LOW HITPOINT WARNING * * *
Casting: Sandblast (safe; 2% risk of failure)
Confirm with . or Enter, or press ? or * to list all spells.
Aiming: Sandblast (safe; 2% risk of failure)
Press: ? - help, Shift-Dir - straight line, f/p - kobold
Aim: a kobold, wielding a +1 short sword of speed and wearing a +0 ring mail (severely wounded, 77% to hit)
The blast of sand hits the kobold but does no damage.
The kobold is severely wounded.
c - 18 stones The kobold hits you with a +1 short sword of speed.
You die...

#..#######....#....... ##..#
##...#<.....) ##.###
##...##....†. #...## #....#
#..... ###..###....# ####..
##..##.########..# ##########
##.##.####..†..##
#........######)##......#####
#...........K@................
#............##....###########
#........####...##.#
#........# #.####.# #........#
#..# #.## ########## #.##
#..## # #. ##..# #. . ##.## #.
#..## #.


You could see a kobold.

Vanquished Creatures
  2 adders (D:2)
  3 ball pythons
  3 endoplasms
  2 goblins (D:1)
  3 hobgoblins
  3 jackals (D:2)
  2 kobolds (D:2)
  A bat (D:2)
  5 frilled lizards (D:1)
  4 rats
28 creatures vanquished.

Notes
Turn   | Place    | Note
-------+----------+-------------------------------------------
     0 | D:1      | Zeld the Gargoyle Earth Elementalist began the quest for
                  | the Orb.
     0 | D:1      | Reached XP level 1. HP: 10/10 MP: 3/3
   144 | D:1      | You fall into a shaft and drop 1 floor!
   195 | D:1      | Reached skill level 1 in Transmutations
   195 | D:1      | Reached XP level 2. HP: 15/15 MP: 0/5
   343 | D:1      | Reached skill level 4 in Earth Magic
   396 | D:1      | Found a faded altar of an unknown god.
  1037 | D:2      | Reached XP level 3. HP: 17/19 MP: 2/6
  1068 | D:2      | Learned a level 2 spell: Passwall
  1072 | D:2      | Learned a level 3 spell: Stone Arrow
  1344 | D:2      | Slain by a kobold

Illustrated notes

Levels and vault maps discovered:
D:1:      kennysheep_arrival_seaside, layout_basic,
          ebering_ecumenical_altar_petrified, kennysheep_doodads
D:2:      layout_rooms

Skill      XL: |  1  2 |
---------------+-------+-----
Transmutations | 1 |  1.3
Earth Magic    | 4 |  4.4
Dodging        | |  1.5
Stealth        | |  2.1
Spellcasting   | |  2.7

Action                   || total
-------------------------++-------
Melee: Unarmed           ||    44
       Punch             ||     1
 Cast: Sandblast         ||    42
 Stab: Sleeping          ||     1
Armor: Robe              ||    30
Dodge: Dodged            ||    53
